 Dungeon Crawl Stone Soup version 0.28.0-53-g5a82cb258f (webtiles) character file.

Game seed: 1407079448741566805

12091 LustLizard the Cleaver (level 11, -15/99 HPs)
             Began as a Minotaur Berserker on July 17, 2022.
             Was a High Priest of Trog.
             Demolished by a minotaur
             ... wielding the +7 war axe of Makhleb's Wrath {freeze, Contam Int+5}
              (19 damage)
             ... in a Gauntlet.
             The game lasted 00:24:12 (10552 turns).

LustLizard the Cleaver (Minotaur Berserker)        Turns: 10552, Time: 00:24:13

Health: -15/99     AC: 17    Str: 23    XL:     11   Next: 57%
Magic:  10/10      EV:  7    Int:  6    God:    Trog [*****.]
Gold:   669        SH:  0    Dex: 17    Spells: 10/10 levels left

rFire   . . .      SeeInvis +   u - +9 whip of the Dark Horse {holy, rCorr Int+2 SInv}
rCold   + . .      Faith    .   (no shield)
rNeg    . . .      Spirit   .   T - +0 plate armour
rPois   +          Reflect  .   U - +0 hat
rElec   +          Harm     .   R - +0 cloak {rPois}
rCorr   +          Rampage  .   (no gloves)
Will    +....      NoTele   +   b - +0 pair of boots of True Grit {rElec rC+ Int-2 Dex+6}
Stlth   ..........              v - amulet of regeneration
HPRegen 1.06/turn               N - +4 ring of protection
MPRegen 0.12/turn               L - ring of willpower

@: on berserk cooldown, slowed, very slow
A: horns 2, retaliatory headbutt
a: Renounce Religion, Berserk, Trog's Hand, Brothers in Arms


You were in a Gauntlet.
You worshipped Trog.
Trog was extremely pleased with you.
You visited 1 branch of the dungeon, and saw 11 of its levels.
You also visited: Gauntlet.

You collected 669 gold pieces.

Inventory:

Hand Weapons
 i - a +4 war axe
 o - a +1 whip of venom
 u - the +9 whip of the Dark Horse (weapon) {holy, rCorr Int+2 SInv}
   (You found it on level 11 of the Dungeon)

   It has been blessed by the Shining One to cause great damage to the undead
   and demons.
   Int:       It affects your intelligence (+2).
   SInv:      It lets you see invisible.
   rCorr:     It protects you from acid and corrosion.
Missiles
 h - 250 stones
 m - 6 atropa-tipped darts
 q - 6 curare-tipped darts
 w - 13 poisoned darts
 I - 2 boomerangs
Armour
 b - the +0 pair of boots of True Grit (worn) {rElec rC+ Int-2 Dex+6}
   (You found it in a Gauntlet)

   Int:       It affects your intelligence (-2).
   Dex:       It affects your dexterity (+6).
   rC:        It protects you from cold.
   rElec:     It insulates you from electricity.
 y - a +0 pair of boots
 R - a +0 cloak of poison resistance (worn)
 T - a +0 plate armour (worn)
 U - a +0 hat (worn)
Jewellery
 f - a ring of protection from fire
 r - an amulet of faith
 v - an amulet of regeneration (around neck)
 F - an amulet of guardian spirit
 G - the necklace of Bloodlust {*Rage Will++ Int-3 Slay+6}
   (You found it on level 6 of the Dungeon)

   [amulet of nothing]

   It extends the wearer's berserk rage when killing foes.
   Int:       It affects your intelligence (-3).
   Slay:      It affects your accuracy & damage with ranged weapons and melee
   (+6).
   *Rage:     It berserks you when you make melee attacks (+50% chance).
   Will:      It greatly increases your willpower.
 L - a ring of willpower (right hand)
 N - a +4 ring of protection (left hand)
 Y - a ring of resist corrosion
Wands
 d - a wand of iceblast (11)
 e - a wand of digging (2)
 p - a wand of paralysis (5)
 O - a wand of flame (32)
 P - a wand of mindburst (11) (quivered)
 S - a wand of polymorph (3)
 V - a wand of acid (12)
 X - a wand of charming (10)
Scrolls
 g - 5 scrolls of fog {unknown}
 j - 3 scrolls of teleportation
 l - a scroll of acquirement {unknown}
 n - a scroll of brand weapon {unknown}
 z - a scroll of fear {unknown}
 A - a scroll of torment {unknown}
 B - 4 scrolls of amnesia {unknown}
 C - 3 scrolls of blinking {unknown}
 D - a scroll of magic mapping {unknown}
 E - 2 scrolls of immolation {unknown}
 J - a scroll of enchant weapon {unknown}
 K - a scroll of enchant armour {unknown}
 Q - a scroll of vulnerability {unknown}
Potions
 a - a potion of degeneration
 c - 3 potions of attraction
 k - 2 potions of ambrosia
 s - 2 potions of lignification {unknown}
 t - 3 potions of might
 x - 3 potions of resistance
 H - a potion of heal wounds {unknown}
 M - a potion of curing {unknown}
 Z - 2 potions of flight


   Skills:
 + Level 9.7 Fighting
 - Level 12.3(12.7) Axes
 * Level 5.0(9.4) Maces & Flails
 * Level 10.3 Throwing
 - Level 2.4 Armour
 - Level 2.1 Dodging
 * Level 7.5 Evocations


You had 10 spell levels left.
You didn't know any spells.
Your spell library was empty.

Dungeon Overview and Level Annotations

Branches:
Dungeon (11/15)            Temple (0/1) D:6            Lair (0/6) D:9
Gauntlet (1/1)
    Orc: D:9-12

Altars:
Ashenzari
Cheibriados
Elyvilon
Fedhas
Hepliaklqana
Makhleb
Nemelex Xobeh
Sif Muna
Trog
Vehumet
Wu Jian
Yredelemnul
The Shining One

Shops:
D:2 (   D:5 (   D:9 *   D:10 :

Annotations:
Gauntlet 8 transporters, 3 runed translucent doors


Innate Abilities, Weirdness & Mutations

You have a pair of horns on your head.
You reflexively headbutt those who attack you in melee.


Message History

You are exhausted.
You feel yourself slow down.
There is an open door here.
You hit the minotaur but do no damage.
The minotaur hits you with the +7 war axe of Makhleb's Wrath {freeze, Contam Int+5}!
The minotaur freezes you.
The minotaur gores you but does no damage.
You hit the minotaur but do no damage. You headbutt the minotaur!
The minotaur is lightly wounded.
The minotaur hits you with the +7 war axe of Makhleb's Wrath {freeze, Contam Int+5}!!
The minotaur freezes you.
The minotaur gores you but does no damage.
You completely miss the minotaur.
The minotaur is lightly wounded.
The minotaur hits you with the +7 war axe of Makhleb's Wrath {freeze, Contam Int+5}!
The minotaur freezes you. The minotaur gores you!
You hit the minotaur.
The minotaur is lightly wounded.
The minotaur hits you with the +7 war axe of Makhleb's Wrath {freeze, Contam Int+5}.
The minotaur gores you.
You whack the minotaur!
You punch the minotaur, but do no damage.
The minotaur is moderately wounded.
The minotaur hits you with the +7 war axe of Makhleb's Wrath {freeze, Contam Int+5}!!
* * * LOW HITPOINT WARNING * * *
The minotaur freezes you.
* * * LOW HITPOINT WARNING * * *
The minotaur closely misses you.
Okay, then.
Okay, then.
Aiming: Mindburst
Press: ? - help, Q - select action, (/) - cycle Shift-Dir - straight line, f - minotaur
Aim: a minotaur, wielding the +7 war axe of Makhleb's Wrath {freeze, Contam Int+5}, wearing a +0 plate armour, wearing a +4 ring of evasion and quivering javelins (moderately wounded, chance to affect: 24%)
Okay, then.
You closely miss the minotaur.
The minotaur furiously retaliates!
The minotaur headbutts you, but does no damage.
You headbutt the minotaur, but do no damage.
The minotaur is moderately wounded.
The minotaur hits you with the +7 war axe of Makhleb's Wrath {freeze, Contam Int+5}!!
You die...

# ### ###
#################
### #
.................#
♣.♣.©.©.©.©.♣.♣.#
................#
#.#.#######.#.###
#.#....#....#.#
#.#.##.#.##.#.#
#.............#
#.#..##@##..#.#
#.#..#8H8#..#.#
#....#...#....#
###8.#8.8#.8###
####[.=#### #8.8#
#).|# #8∩8#


You could see a minotaur.

Vanquished Creatures
  Erolcha (D:10)
  3 two-headed ogres
  3 death yaks (Gauntlet)
  Maurice (D:10)
  A torpor snail (Gauntlet)
  A troll (D:10)
  2 hornets
  A shadow (D:9)
  5 yaks
  A ynoxinul (Gauntlet)
  An acid dragon (D:9)
  An ice beast (D:7)
  4 black bears
  2 orc warriors
  3 necrophages
  3 centaurs
  An ogre (D:7)
  A kobold brigand (D:7)
  3 bullfrogs
  A gnoll sergeant (D:9)
  A scorpion (D:6)
  4 killer bees (D:9)
  8 wights (D:10)
  A howler monkey (D:8)
  A bullfrog zombie (D:5)
  7 centaur zombies
  A hound (D:6)
  3 jellies
  4 orc priests
  Crazy Yiuf (D:7)
  2 iron imps (Gauntlet)
  9 orc wizards
  2 iguanas
  A hound zombie (D:5)
  A mummy (D:10)
  8 gnolls
  5 adders
  A howler monkey skeleton (D:7)
  A shadow imp (D:4)
  5 white imps
  2 ufetubi
  A worm (D:2)
  4 dart slugs
  23 orcs
  A bat (D:2)
  10 endoplasms
  8 giant cockroaches
  12 goblins
  10 hobgoblins
  17 jackals
  4 quokkas
  2 ball pythons
  3 frilled lizards
  10 kobolds
  8 rats
220 creatures vanquished.

Vanquished Creatures (collateral kills)
  2 death yaks (Gauntlet)
  A necromancer (Gauntlet)
3 creatures vanquished.

Vanquished Creatures (others)
  2 orcs
  3 plants (D:3)
  9 withered plants (D:10)
14 creatures vanquished.

Grand Total: 237 creatures vanquished

Notes
Turn   | Place    | Note
-------+----------+-------------------------------------------
     0 | D:1      | LustLizard the Minotaur Berserker began the quest for the
                  | Orb.
     0 | D:1      | Reached XP level 1. HP: 19/19 MP: 0/0
    77 | D:1      | Reached skill level 4 in Axes
   191 | D:1      | Reached XP level 2. HP: 27/27 MP: 1/1
   425 | D:1      | Reached XP level 3. HP: 20/33 MP: 2/2
   457 | D:1      | Reached ** piety under Trog
   624 | D:1      | Reached skill level 5 in Axes
  1127 | D:2      | Found Xerphah's Weapon Shoppe.
  1431 | D:2      | Reached XP level 4. HP: 41/41 MP: 3/3
  1708 | D:2      | Reached skill level 1 in Throwing
  1750 | D:2      | Identified the +0 robe of the Tundras {rF+ rC+ Dex+4}
  2375 | D:3      | Found a white marble altar of Elyvilon.
  2393 | D:3      | You fall into a shaft and drop 1 floor!
  2393 | D:4      | Found a broken altar of Ashenzari.
  2648 | D:3      | Reached *** piety under Trog
  2663 | D:3      | Found a radiant altar of Vehumet.
  2664 | D:3      | Found a snail-covered altar of Cheibriados.
  2665 | D:3      | Found a sparkling altar of Nemelex Xobeh.
  2665 | D:3      | Found a basalt altar of Yredelemnul.
  2854 | D:3      | Found a blossoming altar of Fedhas.
  3223 | D:4      | Reached XP level 5. HP: 42/47 MP: 4/4
  3500 | D:4      | Reached skill level 6 in Axes
  3617 | D:4      | Reached skill level 5 in Fighting
  3733 | D:4      | Found a hazy altar of Hepliaklqana.
  3974 | D:5      | Entered Level 5 of the Dungeon
  3977 | D:5      | Found Kiunk's Antique Weapon Shop.
  4059 | D:5      | Reached XP level 6. HP: 55/56 MP: 5/5
  4238 | D:5      | Reached **** piety under Trog
  4244 | D:5      | Reached skill level 7 in Axes
  4506 | D:6      | Reached XP level 7. HP: 59/61 MP: 6/6
  4816 | D:6      | Found a staircase to the Ecumenical Temple.
  4860 | D:6      | Found the necklace of Bloodlust {*Rage Will++ Int-3 Slay+6}
  5106 | D:6      | Found a glowing golden altar of the Shining One.
  5285 | D:6      | Found a burning altar of Makhleb.
  5486 | D:6      | Reached skill level 8 in Axes
  5486 | D:6      | Reached skill level 5 in Throwing
  5688 | D:7      | Reached XP level 8. HP: 70/70 MP: 7/7
  5696 | D:7      | Found a shimmering blue altar of Sif Muna.
  6076 | D:7      | Reached skill level 9 in Axes
  6208 | D:7      | Found a runed translucent door.
  6209 | D:7      | Noticed Crazy Yiuf
  6349 | D:7      | Killed Crazy Yiuf
  6350 | D:7      | Reached skill level 1 in Evocations
  6411 | D:8      | Noticed a hornet
  6420 | D:8      | Killed a hornet
  6810 | D:8      | Noticed a two-headed ogre
  6839 | D:8      | Killed a two-headed ogre
  6840 | D:8      | Reached skill level 10 in Axes
  6840 | D:8      | Reached XP level 9. HP: 42/79 MP: 8/8
  7046 | D:9      | Found a staircase to the Lair.
  7060 | D:9      | Paralysed by a hornet for 3 turns
  7751 | D:9      | Found Geqoge Giaf's Serpentskin Sales.
  7835 | D:9      | Found a bloodstained altar of Trog.
  8054 | D:10     | Entered Level 10 of the Dungeon
  8085 | D:10     | Noticed Erolcha
  8157 | D:10     | Reached ***** piety under Trog
  8170 | D:10     | Reached skill level 11 in Axes
  8170 | D:10     | Reached XP level 10. HP: 72/88 MP: 9/9
  8375 | D:10     | Found Tuamyon's Self-Improvement Boutique.
  8661 | D:10     | Noticed Maurice
  8675 | D:10     | Killed Maurice
  8676 | D:10     | Reached skill level 5 in Evocations
  9151 | D:10     | Found an ornate altar of the Wu Jian Council.
  9153 | D:10     | Noticed a two-headed ogre
  9182 | D:10     | Killed a two-headed ogre
  9183 | D:10     | Reached skill level 12 in Axes
  9808 | D:10     | Killed Erolcha
  9901 | D:11     | Identified the +9 whip of the Dark Horse {holy, rCorr Int+2
                  | SInv}
  9923 | D:11     | Noticed a two-headed ogre
  9938 | D:11     | Killed a two-headed ogre
  9939 | D:11     | Reached skill level 1 in Maces & Flails
  9939 | D:11     | Reached XP level 11. HP: 32/97 MP: 10/10
 10078 | D:11     | Found a gate leading to a gauntlet.
 10091 | Gauntlet | Entered a Gauntlet
 10091 | Gauntlet | Found a transporter.
 10101 | Gauntlet | Found a transporter.
 10112 | Gauntlet | Found a transporter.
 10115 | Gauntlet | Found a transporter.
 10118 | Gauntlet | Noticed a wretched star
 10130 | Gauntlet | Found a transporter.
 10139 | Gauntlet | Noticed a death yak
 10140 | Gauntlet | Found a runed translucent door.
 10140 | Gauntlet | Noticed a death yak
 10141 | Gauntlet | Found a transporter.
 10141 | Gauntlet | Noticed a death yak
 10142 | Gauntlet | Found a runed translucent door.
 10142 | Gauntlet | Noticed a death yak
 10142 | Gauntlet | Noticed a necromancer
 10143 | Gauntlet | Noticed a death yak
 10155 | Gauntlet | Found a transporter.
 10165 | Gauntlet | Found a transporter.
 10169 | Gauntlet | Noticed a cacodemon
 10182 | Gauntlet | Found a transporter.
 10191 | Gauntlet | Found a runed translucent gate.
 10193 | Gauntlet | Found a runed translucent gate.
 10193 | Gauntlet | Found a transporter.
 10193 | Gauntlet | Found a transporter.
 10194 | Gauntlet | Found a runed translucent gate.
 10236 | Gauntlet | Found a transporter.
 10303 | Gauntlet | Found a transporter.
 10387 | Gauntlet | Found a transporter.
 10406 | Gauntlet | Identified the +0 pair of boots of Calculation {Will- Int+4
                  | Stlth+}
 10436 | Gauntlet | Killed a necromancer
 10441 | Gauntlet | Killed a death yak
 10444 | Gauntlet | Killed a death yak
 10445 | Gauntlet | Reached skill level 10 in Throwing
 10453 | Gauntlet | Killed a death yak
 10458 | Gauntlet | Killed a death yak
 10465 | Gauntlet | Killed a death yak
 10466 | Gauntlet | Reached skill level 5 in Maces & Flails
 10491 | Gauntlet | Identified the +0 pair of boots of True Grit {rElec rC+
                  | Int-2 Dex+6}
 10540 | Gauntlet | Identified the +7 war axe of Makhleb's Wrath {freeze,
                  | Contam Int+5}
 10540 | Gauntlet | Noticed a minotaur
 10551 | Gauntlet | HP: 3/99 [minotaur/the +7 war axe of Makhleb's Wrath
                  | {freeze, Contam Int+5} (2)]
 10552 | Gauntlet | Demolished by a minotaur

Illustrated notes

Levels and vault maps discovered:
D:1:      scummos_arrival_hexagon, layout_basic, st_stairs_1
D:2:      layout_basic, serial_shops, shop_statue, minmay_tetromino_i4
D:3:      cheibrodos_old_hovel, layout_rooms, grunt_temple_overflow_open,
          fedhas_altar_fruit_tree, elyvilon_altar_1, palyth_stone_intersect,
          minivault_26
D:4:      layout_cave_pools, worldfamousw_hep_ancestral_shrine,
          nicolae_ashenzari_panopticon, minmay_distorted
D:5:      layout_basic, serial_shops, shop
D:6:      layout_layer_cave, tso_altar, mainiacjoe_overflow_six_doors_small,
          minmay_temple_entry_statues_fountains
D:7:      layout_basic, mainiacjoe_overflow_24_doors,
          chequers_serial_rivers_micro_c, minmay_manual_mares,
          uniq_crazy_yiuf_cottage
D:8:      layout_rooms, minmay_misc_feat_diagonals,
          hangedman_abyss_or_decor_stabs
D:9:      layout_irregular_city, trog_ov_bears_minmay, dpeg_oklobed_lair,
          guppyfry_shop_venom
D:10:     layout_loops_ring, lemuel_crystal_altar, serial_undead,
          serial_undead_b, serial_undead_b, serial_undead_b, serial_undead_c,
          serial_undead_b, serial_undead_c, serial_undead_f,
          nicolae_shop_self_help, uniq_erolcha, uniq_maurice
D:11:     layout_grid_maze, gauntlet_entry_generic, uniq_harold
Gauntlet: minmay_gauntlet_77_tree [minmay_gauntlet_arena_77_box,
          minmay_gauntlet_arena_77_run_for_it, minmay_gauntlet_arena_77_fan,
          minmay_gauntlet_arena_77_mirror,
          minmay_gauntlet_arena_77_broken_ladder,
          minmay_gauntlet_arena_77_cramped, minmay_gauntlet_arena_77_p_blocks,
          nicolae_gauntlet_exit_dead_adventurers]

Skill      XL: |  1  2  3  4  5  6  7  8  9 10 11 |
---------------+----------------------------------+-----
Axes           | 4 5 6 7 8 10 11 12 | 12.3
Fighting       | 4 5 6 7 8 9 |  9.7
Throwing       | 1 2 4 5 7 8 9 10 | 10.3
Evocations     | 3 4 6 7 |  7.5
Maces & Flails | 1 5 |  5.0
Armour         | |  2.4
Dodging        | |  2.1

Action                   |  1- 3 |  4- 6 |  7- 9 | 10-12 || total
-------------------------+-------+-------+-------+-------++-------
Melee: Hand axe          |   102 |    30 |       |       ||   132
       Headbutt          |     8 |    31 |    75 |    55 ||   169
       Punch             |     1 |     1 |     5 |     3 ||    10
       Whip              |       |   119 |   269 |   169 ||   557
       War axe           |       |       |       |    35 ||    35
Throw: Stone             |       |    60 |    55 |    62 ||   177
       Dart              |       |       |     6 |     8 ||    14
       Boomerang         |       |       |       |     2 ||     2
Invok: Berserk           |       |       |     1 |     3 ||     4
       Trog's Hand       |       |       |       |     1 ||     1
       Brothers in Arms  |       |       |       |     2 ||     2
  Use: Scroll            |       |       |     6 |     3 ||     9
 Stab: Invisible         |       |       |     1 |       ||     1
Armor: Animal skin       |     6 |       |       |       ||     6
       Ring mail         |    23 |     8 |       |       ||    31
       Chain mail        |       |    65 |    71 |       ||   136
       Plate armour      |       |       |   122 |    92 ||   214
Dodge: Dodged            |    59 |    82 |   111 |    47 ||   299
